 Dungeon Crawl Stone Soup version 0.21-a0-552-g593960d (webtiles) character file.

7988 Gaball the Basher (level 11, -12/84 HPs)
             Began as a Demonspawn Fighter on Dec 17, 2017.
             Was a High Priest of Nemelex Xobeh.
             Hit by a large rock thrown by a cyclops (15 damage)
             ... on level 11 of the Dungeon.
             The game lasted 00:29:50 (9937 turns).

Gaball the Basher (Demonspawn Fighter)              Turns: 9937, Time: 00:29:51

Health: -12/84     AC:  6    Str: 19    XL:     11   Next: 4%
Magic:  0/11       EV:  8    Int: 10    God:    Nemelex Xobeh [*****.]
Gold:   186        SH: 11    Dex: 13    Spells: 10/10 levels left

rFire    + . .     SeeInvis .   T - +1 whip (elec)
rCold    . . .     Gourm    .   c - +0 shield
rNeg     . . .     Faith    .   b - +0 scale mail
rPois    .         Spirit   +   (no helmet)
rElec    .         Reflect  .   s - scarf {Spirit}
rCorr    +         Harm     .   (no gloves)
MR       .....                  (no boots)
Stlth    ..........             k - amulet of guardian spirit
HPRegen  0.24/turn              x - ring of resist corrosion
MPRegen  0.12/turn              (no ring)

@: no status effects
A: hooves 2, fire resistance 1, ignite blood, flame cloud immunity
a: Triple Draw, Deal Four, Stack Five, Renounce Religion


You were on level 11 of the Dungeon.
You worshipped Nemelex Xobeh.
Nemelex Xobeh was extremely pleased with you.
You were very hungry.

You visited 2 branches of the dungeon, and saw 13 of its levels.

You collected 461 gold pieces.
You spent 275 gold pieces at shops.

Inventory:

Hand Weapons
 T - a +1 whip of electrocution (weapon)
Armour
 b - a +0 scale mail (worn)
 c - a +0 shield (worn)
 s - a scarf of spirit shield (worn)
Jewellery
 k - an amulet of guardian spirit (around neck)
 u - an uncursed ring of flight
 x - a ring of resist corrosion (left hand)
 G - an uncursed ring of protection from cold
 I - a +2 ring of intelligence {unknown}
Wands
 L - a wand of scattershot (8)
 N - a wand of enslavement (13)
 U - a wand of paralysis (10)
 Z - a wand of flame (17)
Scrolls
 e - 4 scrolls of teleportation
 h - 13 scrolls of remove curse
 l - a scroll of fog
 m - 2 scrolls of enchant weapon {unknown}
 v - 2 scrolls of magic mapping {unknown}
 y - a scroll of blinking {unknown}
 z - 3 scrolls of amnesia
 D - 3 scrolls of immolation
 K - a scroll of noise {unknown}
 M - 3 scrolls of enchant armour
 S - a scroll of identify
 X - a scroll of vulnerability {unknown}
Potions
 d - a potion of invisibility {unknown}
 g - 3 potions of flight
 i - 2 potions of brilliance {unknown}
 n - 4 potions of haste
 o - 2 potions of berserk rage {unknown}
 r - 3 potions of agility {unknown}
 t - 3 potions of curing
 B - 2 potions of lignification
 H - a potion of ambrosia {unknown}
 O - 2 potions of mutation
 P - a potion of heal wounds
 Q - a potion of degeneration
 V - a potion of magic {unknown}
Books
 p - a book of Flames

   Spells                             Type                      Level
   a - Flame Tongue                   Conjuration/Fire             1
   b - Throw Flame                    Conjuration/Fire             2
   c - Conjure Flame                  Conjuration/Fire             3
   d - Inner Flame                    Hexes/Fire                   3
   e - Sticky Flame                   Conjuration/Fire             4
   f - Fireball                       Conjuration/Fire             5
 W - a book of Necromancy

   Spells                             Type                      Level
   a - Pain                           Necromancy                   1
   b - Animate Skeleton               Necromancy                   1
   c - Vampiric Draining              Necromancy                   3
   d - Regeneration                   Charms/Necromancy            3
   e - Animate Dead                   Necromancy                   4
   f - Control Undead                 Necromancy                   4
Miscellaneous
 a - a plain deck of escape
 q - a plain deck of destruction {drawn: 2}
 A - a plain deck of summoning {drawn: 3}
 C - a plain deck of destruction
 J - a plain deck of escape {drawn: 2}
 R - a plain deck of destruction
 Y - an ornate deck of escape {drawn: 2}
Comestibles
 f - 9 bread rations
 w - 44 fruits
 E - 2 royal jellies
 F - 5 meat rations


   Skills:
 + Level 7.5 Fighting
 - Level 11.9 Maces & Flails
 - Level 2.6 Armour
 + Level 8.4 Shields


You had 10 spell levels left.
You didn't know any spells.

Dungeon Overview and Level Annotations

Branches:
Dungeon (12/15)            Temple (0/1) D:6            Lair (1/6) D:11
    Orc (0/2) D:9

Altars:
Ashenzari
Cheibriados
Dithmenos
Elyvilon
Fedhas
Gozag
Kikubaaqudgha
Nemelex Xobeh
Okawaru
Uskayaw
Wu Jian
Xom
Yredelemnul
Zin

Shops:
D:4 *   D:6 !


Innate Abilities, Weirdness & Mutations

You have hoof-like feet.
Your flesh is heat resistant. (rF+)
Your demonic aura causes spilled blood to erupt in flames.
You are immune to clouds of flame.


Message History

A black bear comes into view.
The black bear growls angrily.
You block the sky beast's attack.
Found a leather armour.
The sky beast hits you but does no damage.
There is an escape hatch in the ceiling here.
The sky beast hits you but does no damage.
A mysterious force pulls you upwards. The hatch slams shut behind you.
You hear a deep rumble.
The green ugly thing gurgles horribly!
The cyclops shouts!
The cyclops throws a large rock.
The large rock hits you!!
* * * LOW HITPOINT WARNING * * *
Found a shimmering altar of Xom.
You see here a large rock.
Okay, then.
Evoke which item? (* to show all) (? for menu, Esc to quit)
You draw a card...
It is the Shaft.
A shaft materialises beneath you!
The cyclops throws a large rock.
The large rock hits you!
You die...
Your body glows with a rainbow of weird colours and disappears.

....###............
................##+
.......(.#.........
###......#.........
#......#.........
######..u...#.........
#.............########
#.............#
#....@Y.......
#....ยง.......K#
#.C..........
#............
#............
#............
#............
#.._.........


You could see a green ugly thing, a cyclops and a sky beast.

Vanquished Creatures
  The ghost of KeeTraxx the Insei, a novice OpTm of Makhleb (D:6)
  A wolf spider zombie (D:11)
  A centaur zombie (D:10)
  A tengu conjurer (D:10)
  A hippogriff (D:10)
  2 yaks (D:9)
  A wraith (D:10)
  A wyvern (D:9)
  2 hungry ghosts
  The ghost of mopl the Sneak, an amateur FoEn (D:3)
  A water moccasin (D:6)
  A necrophage (D:2)
  2 sky beasts
  A phantom (D:8)
  2 black bears
  3 orc warriors
  An ice beast (D:10)
  2 ogres
  11 centaurs
  A big kobold (D:10)
  6 bullfrogs
  A wyvern zombie (D:10)
  A wyvern skeleton (D:11)
  2 scorpions
  4 wights (D:8)
  5 howler monkeys (D:8)
  A crimson imp (D:9)
  2 bullfrog skeletons (D:5)
  2 jellies
  9 orc priests
  2 hounds
  8 orc wizards
  4 iguanas
  6 worker ants
  A killer bee zombie (D:8)
  2 hound zombies
  2 worker ant zombies
  A gnoll (D:5)
  4 adders
  2 shadow imps
  2 oozes
  An adder zombie (D:9)
  2 dart slugs (D:2)
  4 leopard geckos
  34 orcs
  2 giant cockroaches
  6 goblins
  2 hobgoblins
  5 jackals
  3 quokkas
  A ball python (D:2)
  6 bats
  5 frilled lizards
  7 kobolds
  2 leopard gecko skeletons (D:4)
  2 quokka skeletons
  7 rats
  A plant (D:11)
194 creatures vanquished.

Vanquished Creatures (collateral kills)
  A two-headed ogre (D:8)
  A tengu warrior (D:10)
  A gargoyle (D:9)
  Prince Ribbit (D:5)
  2 yaks (D:9)
  Edmund (D:6)
  An ogre (D:5)
  A howler monkey (D:5)
  A crimson imp (D:5)
  A hound (D:5)
  An orc priest (D:9)
  An orc wizard (D:9)
  2 gnolls (D:5)
  An adder (D:6)
  3 orcs (D:9)
  A ball python (D:5)
20 creatures vanquished.

Grand Total: 214 creatures vanquished

Notes
Turn   | Place    | Note
-------+----------+-------------------------------------------
     0 | D:1      | Gaball the Demonspawn Fighter began the quest for the Orb.
     0 | D:1      | Reached XP level 1. HP: 18/18 MP: 1/1
    56 | D:1      | Reached skill level 2 in Maces & Flails
   200 | D:1      | Gained mutation: You have large cloven feet. [demonic ancestry]
   200 | D:1      | Reached XP level 2. HP: 24/24 MP: 2/2
   573 | D:1      | Reached skill level 3 in Maces & Flails
   748 | D:2      | Noticed a necrophage
   760 | D:2      | Killed a necrophage
   760 | D:2      | Reached skill level 4 in Maces & Flails
   760 | D:2      | Gained mutation: Your flesh is heat resistant. (rF+) [demonic ancestry]
   760 | D:2      | Reached XP level 3. HP: 22/29 MP: 3/3
   760 | D:2      | Gained mutation: You are immune to clouds of flame. [demonic ancestry]
   760 | D:2      | Reached XP level 4. HP: 26/35 MP: 4/4
   949 | D:2      | Found a faded altar of an unknown god.
   957 | D:2      | Became a worshipper of Nemelex Xobeh the Trickster
   957 | D:2      | Received a gift from Nemelex Xobeh
   957 | D:2      | Reached * piety under Nemelex Xobeh
   957 | D:2      | Received a gift from Nemelex Xobeh
  1034 | D:2      | Reached XP level 5. HP: 18/41 MP: 3/5
  1584 | D:3      | Noticed mopl's ghost (amateur FoEn)
  1598 | D:3      | Killed mopl's ghost
  1598 | D:3      | Reached skill level 5 in Maces & Flails
  1598 | D:3      | Reached XP level 6. HP: 35/47 MP: 3/6
  1603 | D:3      | Found an ancient bone altar of Kikubaaqudgha.
  1646 | D:3      | Reached skill level 6 in Maces & Flails
  1814 | D:3      | Received a gift from Nemelex Xobeh
  1911 | D:3      | Found a shadowy altar of Dithmenos.
  1913 | D:3      | Found a snail-covered altar of Cheibriados.
  2075 | D:3      | Found a glowing silver altar of Zin.
  2083 | D:3      | Found an iron altar of Okawaru.
  2088 | D:3      | Found a white marble altar of Elyvilon.
  2099 | D:3      | Found a shattered altar of Ashenzari.
  2106 | D:3      | Found a basalt altar of Yredelemnul.
  2111 | D:3      | Found a shimmering altar of Xom.
  2118 | D:3      | Found a hide-covered altar of Uskayaw.
  2308 | D:4      | Found Juafeax's General Store.
  2511 | D:4      | Reached ** piety under Nemelex Xobeh
  2918 | D:5      | Entered Level 5 of the Dungeon
  2918 | D:5      | Received a gift from Nemelex Xobeh
  2947 | D:4      | Reached skill level 7 in Maces & Flails
  3068 | D:5      | Reached XP level 7. HP: 39/52 MP: 5/7
  3436 | D:5      | Reached skill level 8 in Maces & Flails
  3451 | D:5      | Noticed Prince Ribbit
  3459 | D:5      | Killed Prince Ribbit
  3626 | D:5      | Gained mutation: Your demonic aura causes spilled blood to erupt in flames. [demonic ancestry]
  3626 | D:5      | Reached XP level 8. HP: 42/58 MP: 5/8
  3895 | D:5      | Reached *** piety under Nemelex Xobeh
  4232 | D:6      | Reached skill level 9 in Maces & Flails
  4234 | D:6      | Noticed KeeTraxx's ghost (novice OpTm)
  4240 | D:6      | Killed KeeTraxx's ghost
  4240 | D:6      | Reached skill level 10 in Maces & Flails
  4287 | D:6      | Noticed Edmund
  4296 | D:6      | Killed Edmund
  4350 | D:6      | Found a staircase to the Ecumenical Temple.
  4468 | D:6      | Found Ujafax's Distillery.
  4471 | D:6      | Bought a potion of mutation for 88 gold pieces
  4471 | D:6      | Bought a potion of heal wounds for 55 gold pieces
  4471 | D:6      | Bought a potion of degeneration for 11 gold pieces
  4471 | D:6      | Bought a potion of curing for 33 gold pieces
  4471 | D:6      | Bought a potion of heal wounds for 55 gold pieces
  4475 | D:6      | Bought a potion of lignification for 33 gold pieces
  4603 | D:6      | Received a gift from Nemelex Xobeh
  4800 | D:7      | Reached XP level 9. HP: 56/63 MP: 7/9
  4875 | D:7      | Reached skill level 11 in Maces & Flails
  5149 | D:7      | Found a shimmering altar of Xom.
  5369 | D:7      | Found an ornate altar of the Wu Jian Council.
  5722 | D:8      | Found a blossoming altar of Fedhas.
  5816 | D:8      | Received a gift from Nemelex Xobeh
  5816 | D:8      | Found a sparkling altar of Nemelex Xobeh.
  5816 | D:8      | Found an opulent altar of Gozag.
  5818 | D:8      | Reached **** piety under Nemelex Xobeh
  6698 | D:9      | Reached skill level 5 in Shields
  6965 | D:9      | Noticed a two-headed ogre
  6997 | D:8      | Killed a two-headed ogre
  7069 | D:9      | Reached skill level 5 in Fighting
  7109 | D:9      | Reached XP level 10. HP: 64/74 MP: 8/10
  7112 | D:9      | Noticed a gargoyle
  7641 | D:9      | Found a staircase to the Orcish Mines.
  7702 | D:9      | Received a gift from Nemelex Xobeh
  8051 | D:9      | Noticed an orange demon
  8069 | D:9      | Killed a gargoyle
  8428 | D:10     | Entered Level 10 of the Dungeon
  8476 | D:10     | Received a gift from Nemelex Xobeh
  8933 | D:10     | Noticed a tengu warrior
  9086 | D:10     | Killed a tengu warrior
  9129 | D:10     | Received a gift from Nemelex Xobeh
  9330 | D:11     | Reached ***** piety under Nemelex Xobeh
  9478 | D:11     | Gained mutation: You have hoof-like feet. [demonic ancestry]
  9478 | D:11     | Reached XP level 11. HP: 25/84 MP: 6/11
  9639 | D:11     | Found a staircase to the Lair.
  9687 | Lair:1   | Entered Level 1 of the Lair of Beasts
  9687 | Lair:1   | Noticed a five-headed hydra
  9911 | D:11     | HP: 4/84 [something (9)]
  9927 | D:11     | You fall through a shaft!
  9936 | D:11     | Found a shimmering altar of Xom.
  9936 | D:11     | Noticed a green ugly thing
  9936 | D:11     | HP: 3/84 [cyclops/large rock (21)]
  9937 | D:11     | Hit by a large rock thrown by a cyclops

Vault maps used:
D:1:      dpeg_arrival_lava_altar, st_stairs_2, due_unseen_surprise
D:2:      chequers_ecumenical_altar_simple
D:3:      grunt_temple_overflow_octagram, minitemple, lemuel_crystal_altar,
          first_bread
D:4:      serial_shops, shop
D:5:      uniq_prince_ribbit1
D:6:      minmay_temple_entry_large_hall, serial_shops, kennysheep_mini_moat,
          uniq_edmund
D:7:      lemuel_crystal_altar, basic_altar, dk_rats_in_the_wall
D:8:      grunt_temple_overflow_opulence, fedhas_altar_3
D:9:      mumra_celtic_spiral_tile, orc_0_dummy
D:10:     blue_anna_alchemist
D:11:     dpeg_oklobed_lair, basic_altar, hangedman_ru_absence, uniq_grum
D:12:     serial_shops, nicolae_shop_overgrown_old_shop
Lair:1:   infiniplex_staircase_pool

Skill      XL: |  1  2  3  4  5  6  7  8  9 10 |
---------------+-------------------------------+-----
Maces & Flails | 2 4 5 7 8 10 11 | 11.9
Shields        | 5 8 |  8.4
Fighting       | 5 7 |  7.5
Armour         | |  2.6

Action                   |  1- 3 |  4- 6 |  7- 9 | 10-12 || total
-------------------------+-------+-------+-------+-------++-------
Melee: Flail             |    54 |   156 |   157 |       ||   367
       Kick              |     9 |    40 |    85 |    70 ||   204
       Whip              |       |       |   161 |   190 ||   351
Evoke: Deck              |       |       |     9 |    15 ||    24
       Wand              |       |       |       |     4 ||     4
  Use: Potion            |       |     1 |     2 |     4 ||     7
       Scroll            |       |     6 |     8 |     4 ||    18
  Eat: Chunk             |       |     2 |    16 |     8 ||    26
       Bread ration      |       |     1 |       |       ||     1
Armor: Scale mail        |    17 |    71 |    59 |    39 ||   186
       Skin              |       |       |     7 |       ||     7
Dodge: Dodged            |     7 |    59 |    91 |    29 ||   186
Block: Shield            |    23 |    65 |   122 |    85 ||   295

Table legend:
 A = Spawn XP
 B = Non-spawn XP
 C = Spawn XP percentage of total XP
 D = Spawn monster count
 E = Non-spawn monster count
 F = Spawn count percentage of total count
 G = Total turns spent on level
                    A         B        C        D         E        F      G
               +---------+---------+-------+---------+---------+-------+---------
         Total |       0 |   11412 |   0.0 |       0 |     213 |   0.0 |  9937
               +---------+---------+-------+---------+---------+-------+---------
           D:1 |       0 |      31 |   0.0 |       0 |      21 |   0.0 |   727
           D:2 |       0 |     187 |   0.0 |       0 |      15 |   0.0 |   807
           D:3 |       0 |     267 |   0.0 |       0 |      15 |   0.0 |   740
           D:4 |       0 |     241 |   0.0 |       0 |      13 |   0.0 |   660
           D:5 |       0 |     751 |   0.0 |       0 |      25 |   0.0 |  1161
           D:6 |       0 |    1135 |   0.0 |       0 |      14 |   0.0 |   633
           D:7 |       0 |     411 |   0.0 |       0 |      17 |   0.0 |   771
           D:8 |       0 |    1775 |   0.0 |       0 |      25 |   0.0 |  1706
           D:9 |       0 |    2241 |   0.0 |       0 |      35 |   0.0 |  1299
          D:10 |       0 |    2574 |   0.0 |       0 |      18 |   0.0 |   810
          D:11 |       0 |    1799 |   0.0 |       0 |      15 |   0.0 |   612
               +---------+---------+-------+---------+---------+-------+---------
